 Dungeon Crawl Stone Soup version 0.26-b1-32-g5d43845318 (webtiles) character file.

Game seed: 2050861412154527013

59 roguesci the Ruffian (level 4, 0/38 HPs)
             Began as a Ghoul Gladiator on Jan 11, 2021.
             Slain by a goblin
             ... wielding a +0 dagger
             ... led by Robin
              (5 damage)
             ... on level 2 of the Dungeon.
             The game lasted 00:01:34 (1428 turns).

roguesci the Ruffian (Ghoul Gladiator)              Turns: 1428, Time: 00:01:35

Health: 0/38       AC:  4    Str: 18    XL:     4   Next: 3%
Magic:  3/3        EV: 12    Int:  3    God:
Gold:   90         SH:  0    Dex: 10    Spells: 3/3 levels left

rFire    . . .     SeeInvis .     - Unarmed
rCold    + . .     Faith    .   (no shield)
rNeg     + + +     Spirit   .   a - +0 leather armour
rPois    ∞         Reflect  .   b - +0 helmet
rElec    .         Harm     .   (no cloak)
rCorr    .         Rampage  .   (no gloves)
Will     .....                  (no boots)
Stlth    +.........             (no amulet)
HPRegen  0.00/turn              (no ring)
MPRegen  0.08/turn              (no ring)

@: no status effects
A: claws 1, cold resistance 1, negative energy resistance 3, inhibited
regeneration, torment resistance, unbreathing
a: no special abilities


You were on level 2 of the Dungeon.
You visited 1 branch of the dungeon, and saw 2 of its levels.

You collected 90 gold pieces.

Inventory:

Missiles
 c - 3 throwing nets (quivered)
Armour
 a - a +0 leather armour (worn)
 b - a +0 helmet (worn)
Scrolls
 d - a scroll of remove curse {unknown}
 e - 2 scrolls of identify {unknown}
 g - a scroll of immolation {unknown}
 h - a scroll of magic mapping {unknown}
Potions
 f - 2 potions of degeneration {unknown}


   Skills:
 * Level 3.1 Fighting
 + Level 2.3 Throwing
 + Level 0.9 Armour
 + Level 3.0 Dodging
 + Level 3.7 Unarmed Combat


You had 3 spell levels left.
You didn't know any spells.
Your spell library was empty.

Dungeon Overview and Level Annotations

Branches:
Dungeon (2/15)

Altars:
Elyvilon

Annotations:
D:2 Robin


Innate Abilities, Weirdness & Mutations

You thrive by killing the living.
You are immune to poison.
You have sharp fingernails.
Your flesh is cold resistant. (rC+)
You are immune to negative energy. (rN+++)
You do not regenerate when monsters are visible.
You are immune to unholy pain and torment.
You can survive without breathing.


Message History

A goblin comes into view.
You closely miss the goblin. The kobold barely misses you.
The goblin hits you but does no damage.
You barely miss the goblin. The goblin hits you.
The kobold hits you with a +0 whip.
The goblin hits you but does no damage. x2
You are too injured to fight recklessly!
You are too injured to fight recklessly!
You are too injured to fight recklessly!
You are too injured to fight recklessly!
You are too injured to fight recklessly!
You are too injured to fight recklessly!
You miss the kobold. The goblin hits you.
The goblin hits you but does no damage. The kobold hits you with a +0 whip.
The goblin barely misses you.
You barely miss the kobold. The goblin hits you.
* * * LOW HITPOINT WARNING * * *
The kobold hits you with a +0 whip.
* * * LOW HITPOINT WARNING * * *
The goblin hits you with a +0 dagger.
You die...

#####.(.........#.####
.............†......>.
..........##†(........
#####..####..(....#.#
#......# ####..#.#.#
#.###..# #..#.#.#
#..#######..#....
#.###g.............<.
#..g@K!##########....
###g##.# #....


ggg ...# ##..#. #S.g ..#.# #...#. .g... .###.# #.#### gg#... #######...#.
...#..$ ..........#. .# ###. ###.#####... #### You could see Robin, 2
hobgoblins, 7 goblins, a ball python and a kobold.

Vanquished Creatures
  2 oozes
  2 worms (D:2)
  A leopard gecko (D:1)
  6 bats
  A giant cockroach (D:1)
  5 goblins
  8 hobgoblins
  A ball python (D:1)
  5 frilled lizards
  7 kobolds
  3 rats (D:1)
41 creatures vanquished.

Notes
Turn   | Place    | Note
-------+----------+-------------------------------------------
     0 | D:1      | roguesci the Ghoul Gladiator began the quest for the Orb.
     0 | D:1      | Reached XP level 1. HP: 17/17 MP: 0/0
    73 | D:1      | Reached XP level 2. HP: 25/25 MP: 1/1
   401 | D:1      | Reached XP level 3. HP: 22/30 MP: 2/2
   966 | D:2      | Found a white marble altar of Elyvilon.
  1419 | D:2      | Noticed Robin
  1424 | D:2      | Reached XP level 4. HP: 26/38 MP: 3/3
  1428 | D:2      | Slain by a goblin

Illustrated notes

Levels and vault maps discovered:
D:1:      amcnicky_arrival_gap_in_the_tavern_cellar, layout_basic
D:2:      layout_loops_ring, elyvilon_altar_3, uniq_crazy_yiuf_cottage,
          uniq_robin

Skill      XL: |  1  2  3 |
---------------+----------+-----
Throwing       | 2 |  2.3
Fighting       | 3 |  3.1
Dodging        | 3 |  3.0
Armour         | |  0.9
Unarmed Combat | |  3.7

Action                   |  1- 3 |  4- 6 || total
-------------------------+-------+-------++-------
Melee: Unarmed           |   158 |     5 ||   163
       Punch             |     1 |       ||     1
Armor: Leather armour    |    59 |     4 ||    63
Dodge: Dodged            |   120 |     4 ||   124
